 Dungeon Crawl Stone Soup version bcrawl-1.21.3-2-g9d8a61a446 (webtiles) character file.

Game seed: 9169589715561642283

83 funkygono the Cudgeler (level 4, -2/29 HPs)
             Began as a Gargoyle Reaver on Apr 17, 2020.
             Was a Follower of Vehumet.
             Slain by an orc
             ... wielding a +0 flail
              (3 damage)
             ... on level 3 of the Dungeon.
             The game lasted 00:03:40 (2106 turns).

funkygono the Cudgeler (Gargoyle Reaver)            Turns: 2106, Time: 00:03:40

Health: -2/29      AC: 15    Str: 15    XL:     4   Next: 44%
Magic:  4/7        EV: 12    Int: 15    God:    Vehumet [*.....]
Gold:   134        SH:  0    Dex:  8    Spells: 6/7 levels left

rFire    . . .     SeeInvis .   l - +0 mace (protect)
rCold    . . .     Gourm    .   (no shield)
rNeg     + . .     Faith    .   b - +0 steam dragon scales
rPois    ∞         Spirit   .   (no helmet)
rElec    +         Reflect  .   (no cloak)
rCorr    .         Harm     .   (no gloves)
MR       .....                  (no boots)
Stlth    +.........             (no amulet)
HPRegen  0.09/turn              (no ring)
MPRegen  0.10/turn              (no ring)

@: protection aura
A: negative energy resistance 1, electricity resistance, unbreathing,
petrification resistance, rot immunity, AC +3
a: Renounce Religion


You were on level 3 of the Dungeon.
You worshipped Vehumet.
Vehumet was aware of your devotion.
You were not hungry.

You visited 1 branch of the dungeon, and saw 3 of its levels.

You collected 134 gold pieces.

Inventory:

Hand Weapons
 a - a +0 flail
 l - a +0 mace of protection (weapon)
Missiles
 g - 1112 stones (quivered)
Armour
 b - +0 steam dragon scales (worn)
Scrolls
 d - 2 scrolls of immolation
 i - a scroll of identify
 k - 2 scrolls of teleportation
 n - a scroll of remove curse
Potions
 c - a potion of haste
 f - a potion of resistance
 j - a potion of heal wounds
 m - 2 potions of flight {unknown}
Comestibles
 e - 5 rations {!d}
 h - a chunk of flesh


   Skills:
 + Level 3.7 Fighting
 + Level 4.1 Maces & Flails
 + Level 3.0 Dodging
 + Level 0.7 Stealth
 + Level 2.0 Spellcasting
 + Level 0.3 Conjurations


You had 6 spell levels left.
You knew the following spells:

 Your Spells              Type           Power        Failure   Level  Hunger
a - Sting                 Conj/Pois      #...         5%          1    #......

Your spell library contained the following spells:

 Spells                   Type           Power        Failure   Level  Hunger
 Iskenderun's Battlesphe  Conj/Chrm      #.......     78%         5    ######.


Dungeon Overview and Level Annotations

Branches:
Dungeon (3/12)

Altars:
Hepliaklqana
Kikubaaqudgha
Lugonu
Okawaru


Innate Abilities, Weirdness & Mutations

You are resistant to torment.
Your stone body is resilient. (AC +3)
You are immune to poison.
You resist negative energy. (rN+)
You are resistant to electric shocks. (rElec)
You can survive without breathing.
You are immune to petrification.
You are immune to rotting.


Message History

The orc priest is lightly wounded.
The orc hits you with a +0 flail. The orc priest closely misses you.
You hit the orc priest.
Your weapon exudes an aura of protection.
The orc priest is lightly wounded.
The orc hits you but does no damage.
The orc priest hits you but does no damage.
You barely miss the orc priest.
The orc priest is lightly wounded.
The orc hits you but does no damage. The orc priest misses you.
You hit the orc priest but do no damage.
The orc priest is lightly wounded.
The orc hits you but does no damage.
The orc priest calls down the wrath of Beogh upon you.
Beogh smites you!
* * * LOW HITPOINT WARNING * * *
You barely miss the orc priest.
The orc priest is moderately wounded.
The orc hits you with a +0 flail.
You die...

##### ....... .......
....... ....># ####
..... ...# o.. . ##.#
####o###.# #.#
########..@o....#
##.####...............#
......'...............#
...####.......[.......#
#### #...............#
#....[..........#
#......[.....)..#
#................
#........#####...


You could see an orc priest and 2 orcs.

Vanquished Creatures
  5 adders
  2 worms (D:3)
  2 dart slugs
  2 leopard geckos (D:1)
  An orc (D:3)
  A giant cockroach (D:1)
  A goblin (D:1)
  2 hobgoblins
  2 jackals (D:3)
  3 bats
  A frilled lizard (D:1)
  3 kobolds
  A leopard gecko skeleton (D:3)
  3 rats
29 creatures vanquished.

Notes
Turn   | Place    | Note
-------+----------+-------------------------------------------
     0 | D:1      | funkygono the Gargoyle Reaver began the quest for the Orb.
     0 | D:1      | Reached XP level 1. HP: 14/14 MP: 3/3
   470 | D:1      | Reached XP level 2. HP: 19/19 MP: 5/5
   823 | D:2      | Found a corrupted altar of Lugonu.
   964 | D:2      | Found an iron altar of Okawaru.
   984 | D:2      | Reached XP level 3. HP: 5/23 MP: 6/6
  1290 | D:2      | Found an ancient bone altar of Kikubaaqudgha.
  1672 | D:3      | Found a hazy altar of Hepliaklqana.
  1733 | D:3      | Reached * piety under Vehumet
  1733 | D:3      | Offered knowledge of Sting by Vehumet.
  1739 | D:3      | Learned a level 1 spell: Sting
  2016 | D:3      | Reached skill level 4 in Maces & Flails
  2016 | D:3      | Reached XP level 4. HP: 29/29 MP: 4/7
  2105 | D:3      | HP: 1/29 [orc priest/divine providence (12)]
  2106 | D:3      | Slain by an orc

Skill      XL: |  1  2  3  4 |
---------------+-------------+-----
Maces & Flails | 4 |  4.1
Dodging        | 3 |  3.0
Fighting       | |  3.7
Stealth        | |  0.7
Spellcasting   | |  2.0
Conjurations   | |  0.3

Action                   |  1- 3 |  4- 6 || total
-------------------------+-------+-------++-------
Melee: Flail             |    77 |       ||    77
       Mace              |    17 |     7 ||    24
 Cast: Sting             |     9 |     8 ||    17
  Use: Scroll            |     5 |       ||     5
 Stab: Sleeping          |     1 |       ||     1
  Eat: Chunk             |     4 |       ||     4
Armor: Steam dragon scal |    56 |     6 ||    62
Dodge: Dodged            |    64 |     3 ||    67
